Lake Erie Monsters vs Rimouski Oceanic

Created - 28 décembre 2021 at 09:31

Goals
1 2 3 T
Lake Erie Monsters 0 2 1 3
Rimouski Oceanic 2 3 5 10
Shots
1 2 3 T
Lake Erie Monsters 4 12 14 30
Rimouski Oceanic 14 28 13 55

1st period

1. Rimouski Oceanic , Matthew Peca 13 (Jacob Middleton 9) at 17:52 (PP)
2. Rimouski Oceanic , Tyler Sikura 14 (Kenny Agostino 15, Mike Hardman 16) at 18:20

Penalties :
Brandon Baddock (MST) for Roughing (Minor) at 17:40, Jacob Middleton (OCE) for Fighting (Major) at 18:23, Will Bitten (MST) for Fighting (Major) at 18:23

2nd period

3. Rimouski Oceanic , Mike Hardman 31 (Tyler Sikura 26) at 1:31
4. Lake Erie Monsters , Turner Elson 7 (Oskar Steen 17) at 4:17
5. Rimouski Oceanic , Cameron Hughes 14 (James Hamblin 10, Justin Dowling 12) at 9:28
6. Rimouski Oceanic , Nick Baptiste 11 (Ryan Lomberg 12) at 9:34
7. Lake Erie Monsters , Ondrej Kase 18 (Will Bitten 23) at 13:00

Penalties :
Zackary Hayes (MST) for Holding (Minor) at 17:12

3rd period

8. Rimouski Oceanic , Ryan Lomberg 10 (Matthew Peca 18, Zachary Jones 26) at 1:20
9. Rimouski Oceanic , Tyler Sikura 15 (Jacob Middleton 10, Kenny Agostino 16) at 3:01 (PP)
10. Rimouski Oceanic , Cameron Hughes 15 (Kyle Burroughs 5, Justin Dowling 13) at 4:10
11. Lake Erie Monsters , Jan Drozg 13 (Joe Hicketts 10, Will Bitten 24) at 4:39
12. Rimouski Oceanic , Jacob Middleton 1 (Zachary Jones 27, Ryan Lomberg 13) at 9:54 (PP)
13. Rimouski Oceanic , Justin Dowling 3 (Matthew Peca 19) at 15:48 (PP)

Penalties :
Zackary Hayes (MST) for High sticking (Minor) at 1:42, Michael Vukojevic (OCE) for Fighting (Major) at 4:11, Brandon Baddock (MST) for Fighting (Major) at 4:11, Marko Dano (MST) for Hooking (Minor) at 5:26, Will Bitten (MST) for Tripping (Minor) at 8:07, Kyle Burroughs (OCE) for Fighting (Major) at 10:11, Thomas Harley (MST) for Fighting (Major) at 10:11, Michael Vukojevic (OCE) for Fighting (Major) at 11:49, Alexander Yelesin (MST) for Fighting (Major) at 11:49, Micheal Haley (MST) for Roughing (Minor) at 15:33, Joe Hicketts (MST) for Holding (Minor) at 0:00

Goalie Stats

Ryan Bednard (MST), 45 saves from 55 shots - (0,818), L, 1-7-2, 60:00 minutes
Kai Edmonds (OCE), 27 saves from 30 shots - (0,900), W, 10-3-1, 60:00 minutes

Players Stats for Lake Erie Monsters

Player Name              G  A  P  +/- PIM S  H  SB GA TA FO     MP     PP MP  PK MP  
------------------------------------------------------------------------------------
Alexander Yelesin        0  0  0   0  5   1  3  2  0  0  0/0    11:54   0:00   0:00 
Bob Carpenter            0  0  0   0  0   0  1  0  0  1  0/0    10:37   0:00   0:00 
Brandon Baddock          0  0  0  -3  7   3  4  1  0  1  0/1    18:09   0:00   0:21 
Dysin Mayo               0  0  0  -2  0   1  4  3  0  1  0/0    25:56   0:00   2:45 
Giorgio Estephan         0  0  0   0  0   0  1  0  0  0  3/5     7:38   0:00   0:00 
Jan Drozg                1  0  1   0  0   3  0  0  0  0  1/5    12:19   0:00   1:16 
Joe Hicketts             0  1  1  -1  2   3  1  2  0  0  0/0    21:29   0:00   3:32 
Lukas Elvenes            0  0  0  -1  0   1  1  1  1  2  0/0    17:57   0:00   2:33 
Marko Dano               0  0  0   0  2   2  1  0  0  1  1/1    10:37   0:00   0:00 
Micheal Haley            0  0  0   0  2   0  3  0  0  0  0/0     7:37   0:00   0:00 
Mikko Kokkonen           0  0  0   0  0   0  0  1  0  2  0/0    14:51   0:00   1:33 
Ondrej Kase              1  0  1  -2  0   5  1  0  5  1  2/5    23:12   0:00   4:23 
Oskar Steen              0  1  1  -1  0   1  1  0  0  1  11/22  19:57   0:00   4:15 
Ryan Suzuki              0  0  0   0  0   2  0  0  0  0  5/8    11:43   0:00   0:43 
Thomas Harley            0  0  0  -2  5   2  3  2  0  1  0/0    25:31   0:00   4:46 
Turner Elson             1  0  1  -1  0   1  1  0  1  0  0/1    15:17   0:00   0:00 
Will Bitten              0  2  2  -1  7   5  1  0  0  2  19/26  18:37   0:00   1:52 
Zackary Hayes            0  0  0  -1  4   0  4  2  0  1  0/0    19:19   0:00   2:26 

Players Stats for Rimouski Oceanic

Player Name              G  A  P  +/- PIM S  H  SB GA TA FO     MP     PP MP  PK MP  
------------------------------------------------------------------------------------
Cameron Hughes           2  0  2   2  0   4  0  0  2  0  2/6    11:06   0:00   0:00 
D.J. Busdeker            0  0  0   0  0   0  0  0  0  0  0/0     0:00   0:00   0:00 
Dan Renouf               0  0  0   2  0   1  0  2  0  1  0/0    17:12   0:00   0:00 
Dominik Simon            0  0  0   0  0   2  1  0  0  0  0/0     8:10   0:00   0:00 
Jacob Middleton          1  2  3  -1  5   4  4  3  1  2  0/0    22:14   5:49   0:00 
James Hamblin            0  1  1   2  0   2  1  0  1  1  0/1    11:33   0:00   0:00 
Justin Dowling           1  2  3   2  0   6  0  0  1  0  0/0    13:51   2:49   0:00 
Justin Richards          0  0  0   0  0   2  0  0  0  0  0/2     8:10   0:00   0:00 
Kenny Agostino           0  2  2   0  0   7  2  2  0  0  0/0    23:54   4:42   0:00 
Kyle Burroughs           0  1  1   3  5   2  0  2  1  1  0/0    18:24   0:54   0:00 
Lean Bergmann            0  0  0   0  0   0  0  0  0  0  0/0     8:10   0:00   0:00 
Matthew Peca             1  2  3   1  0   3  0  1  3  0  9/20   17:15   2:49   0:00 
Michael Vukojevic        0  0  0   2  10  0  6  1  0  0  0/0    16:06   0:57   0:00 
Mike Hardman             1  1  2   0  0   6  4  0  1  0  0/0    24:19   4:42   0:00 
Nick Baptiste            1  0  1   1  0   2  0  0  1  0  1/2    14:26   0:00   0:00 
Nicolas Beaudin          0  0  0  -1  0   2  0  1  0  1  0/0    20:32   1:42   0:00 
Ryan Lomberg             1  2  3   1  0   3  3  1  0  0  1/1    17:15   2:49   0:00 
Tyler Sikura             2  1  3   0  0   6  1  1  1  0  19/42  23:54   4:42   0:00 
Zachary Jones            0  2  2   1  0   3  0  1  2  1  0/0    23:25   5:40   0:00 

3 Stars

1 - Ryan Lomberg (OCE)
2 - Tyler Sikura (OCE)
3 - Cameron Hughes (OCE)

Power Play

Lake Erie Monsters - 0 on 0 Attempt(s) - 0,00%
Rimouski Oceanic - 4 on 7 Attempt(s) - 57,14%

Penalty Kill

Lake Erie Monsters - 3 on 7 Attempt(s) - 42,86% - Score 0 goal in Penalty Kill
Rimouski Oceanic - 0 on 0 Attempt(s) - 0,00% - Score 0 goal in Penalty Kill

Team Stat

Lake Erie Monsters - Hits : 30 - Faceoff Wins : 42 - Blocked Shots : 14 - Penalty Minutes : 34
Rimouski Oceanic - Hits : 22 - Faceoff Wins : 32 - Blocked Shots : 15 - Penalty Minutes : 20

Official

Referees : Wes McCauley and Ryan Hersey
Linesman : Ken Bonham and Kyle Allen

Game Notes

Will Bitten beats up Jacob Middleton at 18:23 of 1st period
Brandon Baddock beats up Michael Vukojevic at 4:11 of 3rd period
Thomas Harley beats up Kyle Burroughs at 10:11 of 3rd period
Michael Vukojevic beats up Alexander Yelesin at 11:49 of 3rd period

Finance

Level 1 -- Attendance: 1179 (58,95%) -- Ticket Income 58 950 $
Level 2 -- Attendance: 421 (42,10%) -- Ticket Income 12 630 $
Total Attendance: 1600 (53,33%)
Total Ticket Income: 71 580 $
Other Income: 35 074 $
Total Income: 106 654 $

Lake Erie Monsters

5 vs 5 Forward 
   Center                   Left Wing                Right Wing               Time % Phy DF OF 
 1 Will Bitten              Brandon Baddock          Ondrej Kase              40     0   1  4  
 2 Oskar Steen              Turner Elson             Lukas Elvenes            30     0   2  3  
 3 Ryan Suzuki              Bob Carpenter            Marko Dano               20     0   2  3  
 4 Giorgio Estephan         Jan Drozg                Micheal Haley            10     0   2  3  

5 vs 5 Defense 
   Defense                  Defense                                           Time % Phy DF OF 
 1 Thomas Harley            Dysin Mayo                                        44     1   2  1  
 2 Joe Hicketts             Zackary Hayes                                     33     1   3  1  
 3 Alexander Yelesin        Mikko Kokkonen                                    23     1   3  1  
 4 Thomas Harley            Dysin Mayo                                        0      1   2  2  

PowerPlay Forward 
   Center                   Left Wing                Right Wing               Time % Phy DF OF 
 1 Oskar Steen              Ondrej Kase              Lukas Elvenes            60     0   0  5  
 2 Will Bitten              Turner Elson             Marko Dano               40     0   0  5  

PowerPlay Defense
   Defense                  Defense                                           Time % Phy DF OF 
 1 Thomas Harley            Zackary Hayes                                     60     0   0  5  
 2 Joe Hicketts             Dysin Mayo                                        40     0   0  5  

Penalty Kill 4 Players Forward 
   Center                   Wing                     Time % Phy DF OF 
 1 Oskar Steen              Ondrej Kase              60     0   4  1  
 2 Lukas Elvenes            Will Bitten              40     0   4  1  

Penalty Kill 4 Players Defense
   Defense                  Defense                  Time % Phy DF OF 
 1 Thomas Harley            Zackary Hayes            60     2   3  0  
 2 Joe Hicketts             Dysin Mayo               40     2   3  0  

Penalty Kill - 3 Players Forward 
   Forward                                           Time % Phy DF OF 
 1 Oskar Steen                                       60     1   2  2  
 2 Ondrej Kase                                       40     1   2  2  

Penalty Kill - 3 Players Defense
   Defense                  Defense                  Time % Phy DF OF 
 1 Thomas Harley            Zackary Hayes            60     1   2  2  
 2 Joe Hicketts             Dysin Mayo               40     1   2  2  

4 vs 4 Forward 
   Center                   Wing                     Time % Phy DF OF 
 1 Oskar Steen              Ondrej Kase              60     1   2  2  
 2 Lukas Elvenes            Will Bitten              40     1   2  2  

4 vs 4 Defense
   Defense                  Defense                  Time % Phy DF OF 
 1 Thomas Harley            Zackary Hayes            60     1   2  2  
 2 Joe Hicketts             Dysin Mayo               40     1   2  2  

Last Minutes Offensive
   Center                   Left Wing                Right Wing               Defense                  Defense                  
   Will Bitten              Ondrej Kase              Lukas Elvenes            Thomas Harley            Zackary Hayes            

Last Minutes Defensive
   Center                   Left Wing                Right Wing               Defense                  Defense                  
   Oskar Steen              Ondrej Kase              Lukas Elvenes            Thomas Harley            Zackary Hayes            

Goaltenders
Starting : Ryan Bednard             
Backup : Pheonix Copley           

Extra Forwards
Normal : Jan Drozg, Ryan Suzuki, Oskar Steen - PP : Jan Drozg, Ryan Suzuki - PK : Oskar Steen
Extra Defensemen
Normal : Alexander Yelesin, Mikko Kokkonen, Joe Hicketts - PP : Alexander Yelesin - PK : Mikko Kokkonen, Joe Hicketts
Penalty Shots
Oskar Steen, Ondrej Kase, Lukas Elvenes, Will Bitten, Turner Elson

Scratches
Zachary Gallant (Healthy), Patrick Harper (Healthy), Eduards Tralmaks (Healthy), Albin Grewe (Healthy), Mitchell Vande Sompel (Healthy)
Tyler Tucker (Healthy)

Rimouski Oceanic

5 vs 5 Forward 
   Center                   Left Wing                Right Wing               Time % Phy DF OF 
 1 Tyler Sikura             Kenny Agostino           Mike Hardman             40     0   1  4  
 2 Matthew Peca             Ryan Lomberg             Nick Baptiste            30     0   1  4  
 3 Cameron Hughes           James Hamblin            Justin Dowling           20     0   1  4  
 4 Justin Richards          Dominik Simon            Lean Bergmann            10     0   1  4  

5 vs 5 Defense 
   Defense                  Defense                                           Time % Phy DF OF 
 1 Zachary Jones            Michael Vukojevic                                 34     1   4  0  
 2 Nicolas Beaudin          Jacob Middleton                                   33     1   4  0  
 3 Dan Renouf               Kyle Burroughs                                    33     1   4  0  
 4 Zachary Jones            Dan Renouf                                        0      1   4  0  

PowerPlay Forward 
   Center                   Left Wing                Right Wing               Time % Phy DF OF 
 1 Tyler Sikura             Kenny Agostino           Mike Hardman             60     0   1  4  
 2 Matthew Peca             Ryan Lomberg             Justin Dowling           40     0   1  4  

PowerPlay Defense
   Defense                  Defense                                           Time % Phy DF OF 
 1 Zachary Jones            Jacob Middleton                                   55     0   1  4  
 2 Nicolas Beaudin          Michael Vukojevic                                 45     0   1  4  

Penalty Kill 4 Players Forward 
   Center                   Wing                     Time % Phy DF OF 
 1 Kenny Agostino           Justin Dowling           55     0   5  0  
 2 Tyler Sikura             Cameron Hughes           45     0   5  0  

Penalty Kill 4 Players Defense
   Defense                  Defense                  Time % Phy DF OF 
 1 Zachary Jones            Jacob Middleton          50     0   5  0  
 2 Nicolas Beaudin          Michael Vukojevic        50     0   5  0  

Penalty Kill - 3 Players Forward 
   Forward                                           Time % Phy DF OF 
 1 Justin Dowling                                    55     0   5  0  
 2 Cameron Hughes                                    45     0   5  0  

Penalty Kill - 3 Players Defense
   Defense                  Defense                  Time % Phy DF OF 
 1 Zachary Jones            Jacob Middleton          50     0   5  0  
 2 Nicolas Beaudin          Michael Vukojevic        50     0   5  0  

4 vs 4 Forward 
   Center                   Wing                     Time % Phy DF OF 
 1 Kenny Agostino           Mike Hardman             60     0   1  4  
 2 Matthew Peca             Dominik Simon            40     0   1  4  

4 vs 4 Defense
   Defense                  Defense                  Time % Phy DF OF 
 1 Zachary Jones            Jacob Middleton          50     0   3  2  
 2 Nicolas Beaudin          Michael Vukojevic        50     0   3  2  

Last Minutes Offensive
   Center                   Left Wing                Right Wing               Defense                  Defense                  
   Kenny Agostino           Mike Hardman             Tyler Sikura             Zachary Jones            Jacob Middleton          

Last Minutes Defensive
   Center                   Left Wing                Right Wing               Defense                  Defense                  
   Kenny Agostino           Mike Hardman             Tyler Sikura             Zachary Jones            Jacob Middleton          

Goaltenders
Starting : Kai Edmonds              
Backup : Matt Tomkins             

Extra Forwards
Normal : Mike Hardman, Cameron Hughes, James Hamblin - PP : Justin Dowling, Cameron Hughes - PK : James Hamblin
Extra Defensemen
Normal : Nicolas Beaudin, Kyle Burroughs, Jacob Middleton - PP : Nicolas Beaudin - PK : Kyle Burroughs, Jacob Middleton
Penalty Shots
Mike Hardman, Kenny Agostino, Tyler Sikura, Matthew Peca, D.J. Busdeker

Scratches
Max McCormick (Healthy), Cole Coskey (Healthy), Ryan MacInnis (Healthy), Patrick Sieloff (Healthy), Jeremy McKenna (Healthy)
Jeremy Gregoire (Healthy), Jake McGrew (Healthy), Reid Duke (Healthy), Derek Barach (Healthy), Jeffrey Viel (Healthy)

% Time on Ice - Lake Erie Monsters

Lines # - Real PCT - Wanted PCT - Time Play
Normal Forward
1 - 36% - 40% - 18:50
2 - 29% - 30% - 15:24
3 - 20% - 20% - 10:37
4 - 15% - 10% - 7:38
Normal Defense
1 - 46% - 44% - 24:06
2 - 32% - 33% - 16:38
3 - 22% - 23% - 11:45
4 - 0% - 0% - 0:00
PP Forward
1 - 0% - 60%
2 - 0% - 40%
PP Defense
1 - 0% - 60%
2 - 0% - 40%
PK Forward
1 - 66% - 60% - 4:58
2 - 34% - 40% - 2:33
PK Defense
1 - 63% - 60% - 4:46
2 - 37% - 40% - 2:45
PK3 Forward
1 - 0% - 60%
2 - 0% - 40%
PK3 Defense
1 - 0% - 60%
2 - 0% - 40%
44 Forward
1 - 0% - 60%
2 - 0% - 40%
44 Defense
1 - 0% - 60%
2 - 0% - 40%
Last Minute Offensive  - 0:00
Last Minute Defensive  - 0:00
Total
Forward - 60:00
Defense - 60:00

% Time on Ice - Rimouski Oceanic

Lines # - Real PCT - Wanted PCT - Time Play
Normal Forward
1 - 37% - 40% - 19:12
2 - 28% - 30% - 14:26
3 - 20% - 20% - 10:41
4 - 16% - 10% - 8:10
Normal Defense
1 - 34% - 34% - 17:44
2 - 32% - 33% - 16:39
3 - 34% - 33% - 18:02
4 - 0% - 0% - 0:04
PP Forward
1 - 63% - 60% - 4:42
2 - 37% - 40% - 2:49
PP Defense
1 - 75% - 55% - 5:40
2 - 25% - 45% - 1:51
PK Forward
1 - 0% - 55%
2 - 0% - 45%
PK Defense
1 - 0% - 50%
2 - 0% - 50%
PK3 Forward
1 - 0% - 55%
2 - 0% - 45%
PK3 Defense
1 - 0% - 50%
2 - 0% - 50%
44 Forward
1 - 0% - 60%
2 - 0% - 40%
44 Defense
1 - 0% - 50%
2 - 0% - 50%
Last Minute Offensive  - 0:00
Last Minute Defensive  - 0:00
Total
Forward - 60:00
Defense - 60:00

Play-by-Play

1st period


0:01 of 1st period - Will Bitten wins face-off versus Tyler Sikura in neutral zone.
1:25 of 1st period - Lean Bergmann is hit by Alexander Yelesin.
1:47 of 1st period - Thomas Harley is hit by Michael Vukojevic and loses puck.
2:28 of 1st period - James Hamblin is hit by Giorgio Estephan and loses puck.
2:35 of 1st period - Cameron Hughes is hit by Micheal Haley and loses puck.
2:54 of 1st period - Slapshot by Kenny Agostino.
2:54 of 1st period - Shot Misses the Net.
3:35 of 1st period - Cameron Hughes is hit by Zackary Hayes and loses puck.
4:26 of 1st period - Jacob Middleton is hit by Dysin Mayo.
4:50 of 1st period - Ryan Suzuki is hit by Mike Hardman and loses puck.
5:41 of 1st period - Wrist shot by Dominik Simon.
5:41 of 1st period - Stopped by Ryan Bednard without a rebound.
5:42 of 1st period - Ondrej Kase wins face-off versus Tyler Sikura in Lake Erie Monsters zone.
5:42 of 1st period - Ondrej Kase is hit by Michael Vukojevic.
5:58 of 1st period - Wrist shot by Will Bitten.
5:58 of 1st period - Stopped by Kai Edmonds with a rebound.
6:13 of 1st period - Slapshot by Jacob Middleton.
6:13 of 1st period - Stopped by Ryan Bednard without a rebound.
6:14 of 1st period - Oskar Steen wins face-off versus Matthew Peca in Lake Erie Monsters zone.
6:18 of 1st period - Off-side.
6:19 of 1st period - Oskar Steen wins face-off versus Matthew Peca in neutral zone.
7:52 of 1st period - Nicolas Beaudin is hit by Brandon Baddock and loses puck.
8:02 of 1st period - Icing by Nicolas Beaudin.
8:03 of 1st period - Oskar Steen wins face-off versus Justin Richards in Rimouski Oceanic zone.
8:32 of 1st period - Snap shot by Mike Hardman.
8:32 of 1st period - Shot Misses the Net.
8:34 of 1st period - Snap shot by Kenny Agostino.
8:34 of 1st period - Stopped by Ryan Bednard with a rebound.
8:36 of 1st period - Wrist shot by Jacob Middleton.
8:36 of 1st period - Shot Blocked by Alexander Yelesin.
8:38 of 1st period - Wrist shot by Kenny Agostino.
8:38 of 1st period - Stopped by Ryan Bednard with a rebound.
8:40 of 1st period - Slapshot by Jacob Middleton.
8:40 of 1st period - Stopped by Ryan Bednard with a rebound.
8:50 of 1st period - Wrist shot by Will Bitten.
8:50 of 1st period - Shot Misses the Net.
9:52 of 1st period - Slapshot by Dan Renouf.
9:52 of 1st period - Stopped by Ryan Bednard with a rebound.
9:54 of 1st period - Slapshot by Kyle Burroughs.
9:54 of 1st period - Stopped by Ryan Bednard with a rebound.
9:56 of 1st period - Snap shot by Dominik Simon.
9:56 of 1st period - Shot Misses the Net.
9:58 of 1st period - Slapshot by Kyle Burroughs.
9:58 of 1st period - Shot Misses the Net.
10:02 of 1st period - Snap shot by Dominik Simon.
10:02 of 1st period - Stopped by Ryan Bednard with a rebound.
10:23 of 1st period - Matthew Peca is hit by Micheal Haley and loses puck.
10:28 of 1st period - Wrist shot by Jan Drozg.
10:28 of 1st period - Shot Blocked by Dan Renouf.
11:04 of 1st period - Tyler Sikura is hit by Zackary Hayes and loses puck.
11:09 of 1st period - Wrist shot by Lukas Elvenes.
11:09 of 1st period - Shot Misses the Net.
11:11 of 1st period - Snap shot by Lukas Elvenes.
11:11 of 1st period - Shot Blocked by Jacob Middleton.
11:48 of 1st period - Wrist shot by Ondrej Kase.
11:48 of 1st period - Shot Misses the Net.
11:50 of 1st period - Wrist shot by Brandon Baddock.
11:50 of 1st period - Stopped by Kai Edmonds with a rebound.
11:52 of 1st period - Slapshot by Brandon Baddock.
11:52 of 1st period - Stopped by Kai Edmonds without a rebound.
11:53 of 1st period - Matthew Peca wins face-off versus Oskar Steen in Rimouski Oceanic zone.
12:32 of 1st period - Slapshot by Mike Hardman.
12:32 of 1st period - Shot Misses the Net.
13:02 of 1st period - Jan Drozg is hit by Dominik Simon and loses puck.
13:39 of 1st period - Mike Hardman is hit by Ondrej Kase and loses puck.
13:45 of 1st period - Off-side.
13:46 of 1st period - Will Bitten wins face-off versus Tyler Sikura in neutral zone.
13:57 of 1st period - Snap shot by Mike Hardman.
13:57 of 1st period - Shot Misses the Net.
13:59 of 1st period - Snap shot by Tyler Sikura.
13:59 of 1st period - Shot Misses the Net.
14:01 of 1st period - Backhand shot by Nicolas Beaudin.
14:01 of 1st period - Deflect By Tyler Sikura.
14:01 of 1st period - Shot Misses the Net.
14:01 of 1st period - Puck is out of play.
14:02 of 1st period - Oskar Steen wins face-off versus Matthew Peca in Lake Erie Monsters zone.
14:13 of 1st period - Wrist shot by Lukas Elvenes.
14:13 of 1st period - Shot Blocked by Ryan Lomberg.
14:15 of 1st period - Snap shot by Dysin Mayo.
14:15 of 1st period - Shot Blocked by Zachary Jones.
14:17 of 1st period - Slapshot by Thomas Harley.
14:17 of 1st period - Shot Misses the Net.
14:35 of 1st period - Wrist shot by Tyler Sikura.
14:35 of 1st period - Stopped by Ryan Bednard with a rebound.
14:37 of 1st period - Slapshot by Zachary Jones.
14:37 of 1st period - Stopped by Ryan Bednard without a rebound.
14:38 of 1st period - Oskar Steen wins face-off versus Cameron Hughes in Lake Erie Monsters zone.
15:30 of 1st period - Dysin Mayo is hit by Michael Vukojevic and loses puck.
16:07 of 1st period - Turner Elson is hit by Michael Vukojevic and loses puck.
16:16 of 1st period - Wrist shot by Cameron Hughes.
16:16 of 1st period - Stopped by Ryan Bednard with a rebound.
16:25 of 1st period - Off-side.
16:26 of 1st period - Will Bitten wins face-off versus Tyler Sikura in neutral zone.
17:16 of 1st period - Wrist shot by Kenny Agostino.
17:16 of 1st period - Shot Misses the Net.
17:18 of 1st period - Wrist shot by Kenny Agostino.
17:18 of 1st period - Deflect By Turner Elson.
17:18 of 1st period - Stopped by Ryan Bednard without a rebound.
17:19 of 1st period - Will Bitten wins face-off versus Matthew Peca in Lake Erie Monsters zone.
17:40 of 1st period - Minor Penalty to Brandon Baddock for Roughing.
17:41 of 1st period - Matthew Peca wins face-off versus Oskar Steen in Lake Erie Monsters zone.
17:52 of 1st period - Wrist shot by Matthew Peca.
17:52 of 1st period - Goal by Matthew Peca - Lake Erie Monsters : 0 - Rimouski Oceanic : 1.
17:53 of 1st period - Will Bitten wins face-off versus Tyler Sikura in neutral zone.
17:59 of 1st period - Off-side.
18:00 of 1st period - Will Bitten wins face-off versus Tyler Sikura in neutral zone.
18:02 of 1st period - Off-side.
18:03 of 1st period - Will Bitten wins face-off versus Tyler Sikura in neutral zone.
18:18 of 1st period - Slapshot by Kenny Agostino.
18:18 of 1st period - Shot Blocked by Dysin Mayo.
18:20 of 1st period - Wrist shot by Tyler Sikura.
18:20 of 1st period - Goal by Tyler Sikura - Lake Erie Monsters : 0 - Rimouski Oceanic : 2.
18:21 of 1st period - Tyler Sikura wins face-off versus Will Bitten in neutral zone.
18:23 of 1st period - Will Bitten beats up Jacob Middleton.
18:23 of 1st period - Penalty to Jacob Middleton for Fighting.
18:23 of 1st period - Penalty to Will Bitten for Fighting.
18:24 of 1st period - Tyler Sikura wins face-off versus Jan Drozg in Lake Erie Monsters zone.
18:35 of 1st period - Slapshot by Thomas Harley.
18:35 of 1st period - Shot Misses the Net.
18:49 of 1st period - Kyle Burroughs is hit by Dysin Mayo and loses puck.
19:00 of 1st period - Snap shot by Lukas Elvenes.
19:00 of 1st period - Shot Blocked by Matthew Peca.
19:02 of 1st period - Slapshot by Joe Hicketts.
19:02 of 1st period - Stopped by Kai Edmonds without a rebound.
19:03 of 1st period - Ryan Suzuki wins face-off versus Tyler Sikura in Rimouski Oceanic zone.
19:29 of 1st period - Zachary Jones is hit by Zackary Hayes and loses puck.
19:38 of 1st period - Snap shot by Matthew Peca.
19:38 of 1st period - Shot Blocked by Joe Hicketts.
Goals for this period are 0 for Lake Erie Monsters vs 2 for Rimouski Oceanic.
Shots for this period are 4 for Lake Erie Monsters vs 14 for Rimouski Oceanic.

2nd period


0:01 of 2nd period - Tyler Sikura wins face-off versus Jan Drozg in neutral zone.
0:04 of 2nd period - Snap shot by Kenny Agostino.
0:04 of 2nd period - Shot Blocked by Dysin Mayo.
0:10 of 2nd period - Backhand shot by Brandon Baddock.
0:10 of 2nd period - Stopped by Kai Edmonds with a rebound.
0:12 of 2nd period - Snap shot by Brandon Baddock.
0:12 of 2nd period - Shot Misses the Net.
0:14 of 2nd period - Snap shot by Dysin Mayo.
0:14 of 2nd period - Deflect By Ondrej Kase.
0:14 of 2nd period - Shot Blocked by Michael Vukojevic.
0:14 of 2nd period - Puck is out of play.
0:15 of 2nd period - Matthew Peca wins face-off versus Oskar Steen in Rimouski Oceanic zone.
0:20 of 2nd period - Snap shot by Lukas Elvenes.
0:20 of 2nd period - Deflect By Nick Baptiste.
0:20 of 2nd period - Stopped by Kai Edmonds with a rebound.
0:22 of 2nd period - Wrist shot by Turner Elson.
0:22 of 2nd period - Shot Misses the Net.
0:54 of 2nd period - Off-side.
0:55 of 2nd period - Cameron Hughes wins face-off versus Ryan Suzuki in neutral zone.
1:00 of 2nd period - Wrist shot by Justin Dowling.
1:00 of 2nd period - Stopped by Ryan Bednard with a rebound.
1:02 of 2nd period - Wrist shot by Zachary Jones.
1:02 of 2nd period - Stopped by Ryan Bednard without a rebound.
1:03 of 2nd period - Ryan Suzuki wins face-off versus Cameron Hughes in Lake Erie Monsters zone.
1:03 of 2nd period - Ryan Suzuki is hit by James Hamblin.
1:27 of 2nd period - Wrist shot by Justin Dowling.
1:27 of 2nd period - Stopped by Ryan Bednard without a rebound.
1:28 of 2nd period - Tyler Sikura wins face-off versus Brandon Baddock in Lake Erie Monsters zone.
1:29 of 2nd period - Snap shot by Kenny Agostino.
1:29 of 2nd period - Stopped by Ryan Bednard without a rebound.
1:30 of 2nd period - Tyler Sikura wins face-off versus Jan Drozg in Lake Erie Monsters zone.
1:31 of 2nd period - Wrist shot by Mike Hardman.
1:31 of 2nd period - Goal by Mike Hardman - Lake Erie Monsters : 0 - Rimouski Oceanic : 3.
1:32 of 2nd period - Tyler Sikura wins face-off versus Jan Drozg in neutral zone.
1:35 of 2nd period - Snap shot by Mike Hardman.
1:35 of 2nd period - Shot Misses the Net.
1:45 of 2nd period - Snap shot by Ondrej Kase.
1:45 of 2nd period - Shot Misses the Net.
1:47 of 2nd period - Slapshot by Dysin Mayo.
1:47 of 2nd period - Deflect By Ondrej Kase.
1:47 of 2nd period - Shot Blocked by Tyler Sikura.
1:47 of 2nd period - Puck is out of play.
1:48 of 2nd period - Matthew Peca wins face-off versus Oskar Steen in Rimouski Oceanic zone.
1:59 of 2nd period - Snap shot by Oskar Steen.
1:59 of 2nd period - Shot Misses the Net.
2:39 of 2nd period - Snap shot by Ryan Suzuki.
2:39 of 2nd period - Stopped by Kai Edmonds without a rebound.
2:40 of 2nd period - Jan Drozg wins face-off versus Matthew Peca in Rimouski Oceanic zone.
3:05 of 2nd period - Mike Hardman is hit by Lukas Elvenes and loses puck.
3:12 of 2nd period - Slapshot by Dan Renouf.
3:12 of 2nd period - Shot Misses the Net.
3:14 of 2nd period - Slapshot by Nicolas Beaudin.
3:14 of 2nd period - Stopped by Ryan Bednard with a rebound.
3:55 of 2nd period - Off-side.
3:56 of 2nd period - Will Bitten wins face-off versus Tyler Sikura in neutral zone.
3:59 of 2nd period - Mike Hardman is hit by Brandon Baddock and loses puck.
4:06 of 2nd period - Slapshot by Nicolas Beaudin.
4:06 of 2nd period - Shot Blocked by Brandon Baddock.
4:08 of 2nd period - Snap shot by Jacob Middleton.
4:08 of 2nd period - Shot Blocked by Thomas Harley.
4:10 of 2nd period - Wrist shot by Mike Hardman.
4:10 of 2nd period - Stopped by Ryan Bednard without a rebound.
4:11 of 2nd period - Oskar Steen wins face-off versus Matthew Peca in Lake Erie Monsters zone.
4:11 of 2nd period - Oskar Steen is hit by Ryan Lomberg.
4:17 of 2nd period - Wrist shot by Turner Elson.
4:17 of 2nd period - Goal by Turner Elson - Lake Erie Monsters : 1 - Rimouski Oceanic : 3.
4:18 of 2nd period - Will Bitten wins face-off versus Tyler Sikura in neutral zone.
4:23 of 2nd period - Snap shot by Will Bitten.
4:23 of 2nd period - Shot Blocked by Jacob Middleton.
4:25 of 2nd period - Snap shot by Thomas Harley.
4:25 of 2nd period - Stopped by Kai Edmonds without a rebound.
4:26 of 2nd period - Will Bitten wins face-off versus Tyler Sikura in Rimouski Oceanic zone.
4:29 of 2nd period - Snap shot by Ondrej Kase.
4:29 of 2nd period - Stopped by Kai Edmonds with a rebound.
4:31 of 2nd period - Slapshot by Thomas Harley.
4:31 of 2nd period - Shot Blocked by Kenny Agostino.
4:33 of 2nd period - Wrist shot by Ondrej Kase.
4:33 of 2nd period - Stopped by Kai Edmonds with a rebound.
4:35 of 2nd period - Wrist shot by Ondrej Kase.
4:35 of 2nd period - Shot Misses the Net.
4:37 of 2nd period - Wrist shot by Will Bitten.
4:37 of 2nd period - Stopped by Kai Edmonds with a rebound.
4:49 of 2nd period - Slapshot by Dysin Mayo.
4:49 of 2nd period - Stopped by Kai Edmonds with a rebound.
4:51 of 2nd period - Slapshot by Thomas Harley.
4:51 of 2nd period - Deflect By Ondrej Kase.
4:51 of 2nd period - Shot Hit the Post.
4:51 of 2nd period - Puck is out of play.
4:52 of 2nd period - Oskar Steen wins face-off versus Nick Baptiste in Rimouski Oceanic zone.
5:17 of 2nd period - Cameron Hughes is hit by Zackary Hayes and loses puck.
6:04 of 2nd period - Tyler Sikura is hit by Will Bitten and loses puck.
6:33 of 2nd period - Snap shot by Kenny Agostino.
6:33 of 2nd period - Stopped by Ryan Bednard with a rebound.
6:35 of 2nd period - Wrist shot by Tyler Sikura.
6:35 of 2nd period - Stopped by Ryan Bednard with a rebound.
6:37 of 2nd period - Snap shot by Mike Hardman.
6:37 of 2nd period - Deflect By Kenny Agostino.
6:37 of 2nd period - Stopped by Ryan Bednard with a rebound.
6:39 of 2nd period - Backhand shot by Nicolas Beaudin.
6:39 of 2nd period - Stopped by Ryan Bednard with a rebound.
6:41 of 2nd period - Wrist shot by Kenny Agostino.
6:41 of 2nd period - Shot Misses the Net.
6:43 of 2nd period - Wrist shot by Nicolas Beaudin.
6:43 of 2nd period - Shot Blocked by Zackary Hayes.
6:49 of 2nd period - Wrist shot by Mike Hardman.
6:49 of 2nd period - Stopped by Ryan Bednard with a rebound.
6:51 of 2nd period - Wrist shot by Tyler Sikura.
6:51 of 2nd period - Stopped by Ryan Bednard with a rebound.
6:53 of 2nd period - Slapshot by Kenny Agostino.
6:53 of 2nd period - Shot Misses the Net.
6:55 of 2nd period - Backhand shot by Mike Hardman.
6:55 of 2nd period - Stopped by Ryan Bednard without a rebound.
6:56 of 2nd period - Matthew Peca wins face-off versus Turner Elson in Lake Erie Monsters zone.
7:32 of 2nd period - James Hamblin is hit by Thomas Harley and loses puck.
8:29 of 2nd period - Slapshot by Matthew Peca.
8:29 of 2nd period - Shot Hit the Post.
8:31 of 2nd period - Wrist shot by Nick Baptiste.
8:31 of 2nd period - Shot Blocked by Mikko Kokkonen.
8:33 of 2nd period - Snap shot by Dan Renouf.
8:33 of 2nd period - Deflect By Nick Baptiste.
8:33 of 2nd period - Stopped by Ryan Bednard without a rebound.
8:34 of 2nd period - Cameron Hughes wins face-off versus Oskar Steen in Lake Erie Monsters zone.
8:41 of 2nd period - Slapshot by Justin Dowling.
8:41 of 2nd period - Stopped by Ryan Bednard without a rebound.
8:42 of 2nd period - Oskar Steen wins face-off versus Cameron Hughes in Lake Erie Monsters zone.
8:53 of 2nd period - Lukas Elvenes is hit by Michael Vukojevic and loses puck.
9:16 of 2nd period - Wrist shot by Cameron Hughes.
9:16 of 2nd period - Stopped by Ryan Bednard with a rebound.
9:18 of 2nd period - Slapshot by Michael Vukojevic.
9:18 of 2nd period - Shot Misses the Net.
9:26 of 2nd period - Wrist shot by Cameron Hughes.
9:26 of 2nd period - Shot Blocked by Joe Hicketts.
9:28 of 2nd period - Wrist shot by Cameron Hughes.
9:28 of 2nd period - Goal by Cameron Hughes - Lake Erie Monsters : 1 - Rimouski Oceanic : 4.
9:29 of 2nd period - Nick Baptiste wins face-off versus Ondrej Kase in neutral zone.
9:34 of 2nd period - Wrist shot by Nick Baptiste.
9:34 of 2nd period - Goal by Nick Baptiste - Lake Erie Monsters : 1 - Rimouski Oceanic : 5.
9:35 of 2nd period - Will Bitten wins face-off versus Matthew Peca in neutral zone.
9:49 of 2nd period - Slapshot by Ryan Lomberg.
9:49 of 2nd period - Shot Misses the Net.
10:01 of 2nd period - Oskar Steen is hit by Mike Hardman and loses puck.
10:10 of 2nd period - Tyler Sikura is hit by Turner Elson and loses puck.
10:20 of 2nd period - Off-side.
10:21 of 2nd period - Ryan Suzuki wins face-off versus James Hamblin in neutral zone.
10:37 of 2nd period - Zachary Jones is hit by Marko Dano and loses puck.
12:44 of 2nd period - Wrist shot by Oskar Steen.
12:44 of 2nd period - Stopped by Kai Edmonds without a rebound.
12:45 of 2nd period - Will Bitten wins face-off versus Tyler Sikura in Rimouski Oceanic zone.
12:58 of 2nd period - Snap shot by Will Bitten.
12:58 of 2nd period - Stopped by Kai Edmonds with a rebound.
13:00 of 2nd period - Slapshot by Ondrej Kase.
13:00 of 2nd period - Goal by Ondrej Kase - Lake Erie Monsters : 2 - Rimouski Oceanic : 5.
13:01 of 2nd period - Will Bitten wins face-off versus Matthew Peca in neutral zone.
13:08 of 2nd period - Ondrej Kase is hit by Ryan Lomberg and loses puck.
13:58 of 2nd period - Slapshot by Kenny Agostino.
13:58 of 2nd period - Shot Misses the Net.
14:54 of 2nd period - Wrist shot by Justin Dowling.
14:54 of 2nd period - Deflect By Ryan Suzuki.
14:54 of 2nd period - Stopped by Ryan Bednard without a rebound.
14:55 of 2nd period - Giorgio Estephan wins face-off versus Tyler Sikura in Lake Erie Monsters zone.
15:02 of 2nd period - Slapshot by Micheal Haley.
15:02 of 2nd period - Shot Blocked by Dan Renouf.
15:10 of 2nd period - Icing by Giorgio Estephan.
15:11 of 2nd period - Ryan Lomberg wins face-off versus Giorgio Estephan in Lake Erie Monsters zone.
15:16 of 2nd period - Slapshot by Nick Baptiste.
15:16 of 2nd period - Shot Misses the Net.
15:18 of 2nd period - Snap shot by Ryan Lomberg.
15:18 of 2nd period - Shot Misses the Net.
15:20 of 2nd period - Snap shot by Matthew Peca.
15:20 of 2nd period - Shot Blocked by Alexander Yelesin.
15:22 of 2nd period - Snap shot by Ryan Lomberg.
15:22 of 2nd period - Stopped by Ryan Bednard without a rebound.
15:23 of 2nd period - Will Bitten wins face-off versus Tyler Sikura in Lake Erie Monsters zone.
15:35 of 2nd period - Brandon Baddock is hit by Mike Hardman and loses puck.
15:57 of 2nd period - Snap shot by James Hamblin.
15:57 of 2nd period - Stopped by Ryan Bednard with a rebound.
15:59 of 2nd period - Slapshot by Dan Renouf.
15:59 of 2nd period - Shot Blocked by Zackary Hayes.
16:01 of 2nd period - Backhand shot by James Hamblin.
16:01 of 2nd period - Stopped by Ryan Bednard with a rebound.
16:11 of 2nd period - Slapshot by Justin Richards.
16:11 of 2nd period - Stopped by Ryan Bednard without a rebound.
16:12 of 2nd period - Ryan Suzuki wins face-off versus Justin Richards in Lake Erie Monsters zone.
16:27 of 2nd period - Snap shot by Ryan Suzuki.
16:27 of 2nd period - Shot Blocked by Jacob Middleton.
16:43 of 2nd period - Wrist shot by Mike Hardman.
16:43 of 2nd period - Shot Blocked by Thomas Harley.
17:12 of 2nd period - Minor Penalty to Zackary Hayes for Holding.
17:13 of 2nd period - Oskar Steen wins face-off versus Tyler Sikura in Lake Erie Monsters zone.
17:26 of 2nd period - Oskar Steen is hit by Kenny Agostino and loses puck.
17:45 of 2nd period - Oskar Steen is hit by Mike Hardman and loses puck.
17:58 of 2nd period - Snap shot by Kenny Agostino.
17:58 of 2nd period - Shot Misses the Net.
18:00 of 2nd period - Snap shot by Tyler Sikura.
18:00 of 2nd period - Stopped by Ryan Bednard with a rebound.
18:12 of 2nd period - Dysin Mayo is hit by Kenny Agostino and loses puck.
18:23 of 2nd period - Ryan Suzuki is hit by Tyler Sikura and loses puck.
18:53 of 2nd period - Thomas Harley is hit by Michael Vukojevic and loses puck.
19:12 of 2nd period - Penalty to Zackary Hayes is over, Zackary Hayes is back on ice.
19:16 of 2nd period - Wrist shot by Mike Hardman.
19:16 of 2nd period - Shot Blocked by Lukas Elvenes.
19:18 of 2nd period - Snap shot by Kyle Burroughs.
19:18 of 2nd period - Deflect By Mike Hardman.
19:18 of 2nd period - Stopped by Ryan Bednard without a rebound.
19:19 of 2nd period - Matthew Peca wins face-off versus Ryan Suzuki in Lake Erie Monsters zone.
19:22 of 2nd period - Slapshot by Nick Baptiste.
19:22 of 2nd period - Deflect By Matthew Peca.
19:22 of 2nd period - Stopped by Ryan Bednard with a rebound.
19:24 of 2nd period - Slapshot by Kyle Burroughs.
19:24 of 2nd period - Deflect By Ryan Lomberg.
19:24 of 2nd period - Stopped by Ryan Bednard with a rebound.
19:26 of 2nd period - Slapshot by Kyle Burroughs.
19:26 of 2nd period - Shot Misses the Net.
19:44 of 2nd period - Dan Renouf is hit by Brandon Baddock and loses puck.
19:55 of 2nd period - Justin Dowling is hit by Alexander Yelesin and loses puck.
Goals for this period are 2 for Lake Erie Monsters vs 3 for Rimouski Oceanic.
Shots for this period are 12 for Lake Erie Monsters vs 28 for Rimouski Oceanic.

3rd period


0:01 of 3rd period - Tyler Sikura wins face-off versus Will Bitten in neutral zone.
0:26 of 3rd period - Dysin Mayo is hit by Ryan Lomberg and loses puck.
0:55 of 3rd period - Slapshot by Marko Dano.
0:55 of 3rd period - Stopped by Kai Edmonds without a rebound.
0:56 of 3rd period - Tyler Sikura wins face-off versus Ondrej Kase in Rimouski Oceanic zone.
0:56 of 3rd period - Tyler Sikura is hit by Brandon Baddock.
1:08 of 3rd period - Wrist shot by Mike Hardman.
1:08 of 3rd period - Shot Misses the Net.
1:10 of 3rd period - Slapshot by Kyle Burroughs.
1:10 of 3rd period - Stopped by Ryan Bednard without a rebound.
1:11 of 3rd period - Oskar Steen wins face-off versus Matthew Peca in Lake Erie Monsters zone.
1:18 of 3rd period - Wrist shot by Matthew Peca.
1:18 of 3rd period - Stopped by Ryan Bednard with a rebound.
1:20 of 3rd period - Wrist shot by Ryan Lomberg.
1:20 of 3rd period - Goal by Ryan Lomberg - Lake Erie Monsters : 2 - Rimouski Oceanic : 6.
1:21 of 3rd period - Tyler Sikura wins face-off versus Will Bitten in neutral zone.
1:42 of 3rd period - Minor Penalty to Zackary Hayes for High sticking.
1:43 of 3rd period - Tyler Sikura wins face-off versus Oskar Steen in Lake Erie Monsters zone.
2:08 of 3rd period - Kenny Agostino is hit by Thomas Harley and loses puck.
2:33 of 3rd period - Wrist shot by Mike Hardman.
2:33 of 3rd period - Stopped by Ryan Bednard with a rebound.
2:35 of 3rd period - Slapshot by Jacob Middleton.
2:35 of 3rd period - Stopped by Ryan Bednard with a rebound.
2:57 of 3rd period - Snap shot by Kenny Agostino.
2:57 of 3rd period - Shot Misses the Net.
2:59 of 3rd period - Slapshot by Jacob Middleton.
2:59 of 3rd period - Shot Misses the Net.
3:01 of 3rd period - Snap shot by Tyler Sikura.
3:01 of 3rd period - Goal by Tyler Sikura - Lake Erie Monsters : 2 - Rimouski Oceanic : 7.
3:02 of 3rd period - Ryan Suzuki wins face-off versus Matthew Peca in neutral zone.
3:05 of 3rd period - Slapshot by Thomas Harley.
3:05 of 3rd period - Stopped by Kai Edmonds without a rebound.
3:06 of 3rd period - Matthew Peca wins face-off versus Ryan Suzuki in Rimouski Oceanic zone.
4:08 of 3rd period - Slapshot by Kyle Burroughs.
4:08 of 3rd period - Shot Misses the Net.
4:10 of 3rd period - Backhand shot by Cameron Hughes.
4:10 of 3rd period - Goal by Cameron Hughes - Lake Erie Monsters : 2 - Rimouski Oceanic : 8.
4:11 of 3rd period - Tyler Sikura wins face-off versus Will Bitten in neutral zone.
4:11 of 3rd period - Brandon Baddock beats up Michael Vukojevic.
4:11 of 3rd period - Penalty to Michael Vukojevic for Fighting.
4:11 of 3rd period - Penalty to Brandon Baddock for Fighting.
4:12 of 3rd period - Will Bitten wins face-off versus Tyler Sikura in neutral zone.
4:17 of 3rd period - Wrist shot by Jan Drozg.
4:17 of 3rd period - Shot Misses the Net.
4:19 of 3rd period - Wrist shot by Jan Drozg.
4:19 of 3rd period - Stopped by Kai Edmonds with a rebound.
4:21 of 3rd period - Backhand shot by Zackary Hayes.
4:21 of 3rd period - Deflect By Ondrej Kase.
4:21 of 3rd period - Stopped by Kai Edmonds without a rebound.
4:22 of 3rd period - Tyler Sikura wins face-off versus Will Bitten in Rimouski Oceanic zone.
4:27 of 3rd period - Snap shot by Ondrej Kase.
4:27 of 3rd period - Shot Blocked by Nicolas Beaudin.
4:35 of 3rd period - Slapshot by Will Bitten.
4:35 of 3rd period - Stopped by Kai Edmonds with a rebound.
4:37 of 3rd period - Slapshot by Joe Hicketts.
4:37 of 3rd period - Stopped by Kai Edmonds with a rebound.
4:39 of 3rd period - Wrist shot by Jan Drozg.
4:39 of 3rd period - Goal by Jan Drozg - Lake Erie Monsters : 3 - Rimouski Oceanic : 8.
4:40 of 3rd period - Will Bitten wins face-off versus Tyler Sikura in neutral zone.
5:13 of 3rd period - Wrist shot by Matthew Peca.
5:13 of 3rd period - Shot Misses the Net.
5:15 of 3rd period - Slapshot by Ryan Lomberg.
5:15 of 3rd period - Shot Misses the Net.
5:26 of 3rd period - Minor Penalty to Marko Dano for Hooking.
5:27 of 3rd period - Tyler Sikura wins face-off versus Oskar Steen in Lake Erie Monsters zone.
6:22 of 3rd period - Icing by Kenny Agostino.
6:23 of 3rd period - Tyler Sikura wins face-off versus Oskar Steen in Rimouski Oceanic zone.
7:26 of 3rd period - Penalty to Marko Dano is over, Marko Dano is back on ice.
7:40 of 3rd period - Snap shot by Ryan Suzuki.
7:40 of 3rd period - Stopped by Kai Edmonds without a rebound.
7:41 of 3rd period - Giorgio Estephan wins face-off versus Cameron Hughes in Rimouski Oceanic zone.
7:44 of 3rd period - Wrist shot by Micheal Haley.
7:44 of 3rd period - Shot Blocked by Kyle Burroughs.
7:55 of 3rd period - Off-side.
7:56 of 3rd period - Will Bitten wins face-off versus Tyler Sikura in neutral zone.
8:01 of 3rd period - Zachary Jones is hit by Dysin Mayo and loses puck.
8:07 of 3rd period - Minor Penalty to Will Bitten for Tripping.
8:08 of 3rd period - Tyler Sikura wins face-off versus Oskar Steen in Lake Erie Monsters zone.
8:35 of 3rd period - Icing by Justin Dowling.
8:36 of 3rd period - Matthew Peca wins face-off versus Oskar Steen in Rimouski Oceanic zone.
8:59 of 3rd period - Joe Hicketts is hit by Jacob Middleton and loses puck.
9:08 of 3rd period - Slapshot by Justin Dowling.
9:08 of 3rd period - Stopped by Ryan Bednard with a rebound.
9:10 of 3rd period - Snap shot by Ryan Lomberg.
9:10 of 3rd period - Shot Misses the Net.
9:11 of 3rd period - Penalty to Brandon Baddock is over, Brandon Baddock is back on ice.
9:18 of 3rd period - Slapshot by Matthew Peca.
9:18 of 3rd period - Shot Misses the Net.
9:52 of 3rd period - Slapshot by Zachary Jones.
9:52 of 3rd period - Stopped by Ryan Bednard with a rebound.
9:54 of 3rd period - Slapshot by Jacob Middleton.
9:54 of 3rd period - Goal by Jacob Middleton - Lake Erie Monsters : 3 - Rimouski Oceanic : 9.
9:55 of 3rd period - Marko Dano wins face-off versus Tyler Sikura in neutral zone.
10:04 of 3rd period - Snap shot by Marko Dano.
10:04 of 3rd period - Stopped by Kai Edmonds with a rebound.
10:06 of 3rd period - Slapshot by Alexander Yelesin.
10:06 of 3rd period - Stopped by Kai Edmonds without a rebound.
10:07 of 3rd period - Tyler Sikura wins face-off versus Will Bitten in Rimouski Oceanic zone.
10:11 of 3rd period - Thomas Harley beats up Kyle Burroughs.
10:11 of 3rd period - Penalty to Kyle Burroughs for Fighting.
10:11 of 3rd period - Penalty to Thomas Harley for Fighting.
10:12 of 3rd period - Ondrej Kase wins face-off versus Tyler Sikura in Lake Erie Monsters zone.
10:12 of 3rd period - Ondrej Kase is hit by Jacob Middleton.
10:20 of 3rd period - Mike Hardman is hit by Alexander Yelesin and loses puck.
10:39 of 3rd period - Lukas Elvenes is hit by Jacob Middleton and loses puck.
11:04 of 3rd period - Cameron Hughes is hit by Joe Hicketts.
11:22 of 3rd period - Slapshot by Justin Richards.
11:22 of 3rd period - Stopped by Ryan Bednard with a rebound.
11:26 of 3rd period - Wrist shot by Lean Bergmann.
11:26 of 3rd period - Shot Misses the Net.
11:37 of 3rd period - Icing by Dysin Mayo.
11:38 of 3rd period - Giorgio Estephan wins face-off versus Tyler Sikura in Lake Erie Monsters zone.
11:45 of 3rd period - Zachary Jones is hit by Dysin Mayo and loses puck.
11:49 of 3rd period - Michael Vukojevic beats up Alexander Yelesin.
11:49 of 3rd period - Penalty to Michael Vukojevic for Fighting.
11:49 of 3rd period - Penalty to Alexander Yelesin for Fighting.
11:50 of 3rd period - Tyler Sikura wins face-off versus Will Bitten in Rimouski Oceanic zone.
13:37 of 3rd period - Snap shot by Will Bitten.
13:37 of 3rd period - Stopped by Kai Edmonds with a rebound.
14:53 of 3rd period - James Hamblin is hit by Oskar Steen and loses puck.
14:58 of 3rd period - Wrist shot by Ondrej Kase.
14:58 of 3rd period - Shot Blocked by Kenny Agostino.
15:27 of 3rd period - Tyler Sikura is hit by Thomas Harley and loses puck.
15:33 of 3rd period - Minor Penalty to Micheal Haley for Roughing.
15:34 of 3rd period - Matthew Peca wins face-off versus Oskar Steen in Lake Erie Monsters zone.
15:48 of 3rd period - Wrist shot by Justin Dowling.
15:48 of 3rd period - Goal by Justin Dowling - Lake Erie Monsters : 3 - Rimouski Oceanic : 10.
15:49 of 3rd period - Tyler Sikura wins face-off versus Ondrej Kase in neutral zone.
16:02 of 3rd period - Slapshot by Joe Hicketts.
16:02 of 3rd period - Stopped by Kai Edmonds without a rebound.
16:03 of 3rd period - Oskar Steen wins face-off versus Matthew Peca in Rimouski Oceanic zone.
16:59 of 3rd period - Cameron Hughes is hit by Bob Carpenter.
17:13 of 3rd period - Zachary Jones is hit by Micheal Haley and loses puck.
17:18 of 3rd period - Wrist shot by Giorgio Estephan.
17:18 of 3rd period - Shot Misses the Net.
17:20 of 3rd period - Snap shot by Jan Drozg.
17:20 of 3rd period - Stopped by Kai Edmonds with a rebound.
17:38 of 3rd period - Wrist shot by Nick Baptiste.
17:38 of 3rd period - Shot Misses the Net.
17:42 of 3rd period - Wrist shot by Matthew Peca.
17:42 of 3rd period - Shot Misses the Net.
17:44 of 3rd period - Snap shot by Nick Baptiste.
17:44 of 3rd period - Deflect By Ryan Lomberg.
17:44 of 3rd period - Shot Blocked by Dysin Mayo.
17:44 of 3rd period - Puck is out of play.
17:45 of 3rd period - Will Bitten wins face-off versus Tyler Sikura in Lake Erie Monsters zone.
17:49 of 3rd period - Off-side.
17:50 of 3rd period - Will Bitten wins face-off versus Tyler Sikura in neutral zone.
17:53 of 3rd period - Wrist shot by Ondrej Kase.
17:53 of 3rd period - Stopped by Kai Edmonds with a rebound.
17:55 of 3rd period - Slapshot by Thomas Harley.
17:55 of 3rd period - Shot Misses the Net.
18:42 of 3rd period - Wrist shot by Jan Drozg.
18:42 of 3rd period - Deflect By Dan Renouf.
18:42 of 3rd period - Shot Blocked by Kyle Burroughs.
18:42 of 3rd period - Puck is out of play.
18:43 of 3rd period - Tyler Sikura wins face-off versus Giorgio Estephan in Rimouski Oceanic zone.
19:10 of 3rd period - Brandon Baddock is hit by Jacob Middleton and loses puck.
19:58 of 3rd period - Slapshot by Kenny Agostino.
19:58 of 3rd period - Stopped by Ryan Bednard with a rebound.
Goals for this period are 1 for Lake Erie Monsters vs 5 for Rimouski Oceanic.
Shots for this period are 14 for Lake Erie Monsters vs 13 for Rimouski Oceanic.
0:00 - Minor Penalty to Joe Hicketts for Holding. Output by the SimonT Hockey Simulator (STHS) for Eric Tremblay - Original Page W3C HTML5 Valid
Hockey Simulator - Hockey Simulation - Hockey Manager